Map: [ESL] Equilibrium

Players

DKZDark (Dark) - Winner!

  • Race: Zerg Zerg
  • League: Master
  • Spawn Location: 11:00

DKZherO (herO)

  • Race: Protoss Protoss
  • League: Master
  • Spawn Location: 1:00

Event: IEM Katowice 2024

VOD

Have the link to the VOD?

Description

Time

  • Played on: Dec. 6, 2023, 5 a.m.
  • Length: 12:50

All games in this series

Show
View Real Time Build Order
Export as new Build Order

DKZDark Zerg - Winner!

Build Orders: Hatch First 

Get SALT Encoding   

  12  0:00  Drone  
  13  0:12  Overlord  
  13  0:16  Drone  
  14  0:30  Drone x2  
  16  0:46  Drone  
  17  0:52  Drone  
  18  1:03  Hatchery  
  17  1:05  Drone  
  17  1:06  Extractor  
  17  1:18  Spawning Pool  
  17  1:19  Drone  
  17  1:20  Drone  
  18  1:28  Drone  
  19  1:40  Drone  
  20  1:53  Hatchery  
  19  1:59  Drone  
  19  2:00  Drone  
  21  2:07  Metabolic Boost  
  21  2:11  Zergling x2  
  22  2:21  Queen  
  24  2:24  Zergling x2  
  24  2:25  Zergling x2  
  26  2:32  Overlord  
  26  2:36  Queen  
  28  2:51  Drone  
  28  2:52  Drone x3  
  28  2:54  Zergling x2  
  32  3:04  Queen  
  34  3:06  Drone  
  34  3:08  Zergling x2  
  34  3:09  Drone  
  37  3:16  Drone  
  38  3:20  Queen  
  38  3:23  Overlord  
  40  3:29  Drone  
  41  3:35  Overlord  
  41  3:44  Zergling x4  
  41  3:45  Drone x7  
  48  3:49  Zergling x2  
  48  3:50  Zergling x2  
  48  3:53  Zergling x2  
  48  3:54  Drone  
  51  3:58  Drone, Spore Crawler  
  51  4:01  Drone x2  
  53  4:04  Spore Crawler  
  53  4:08  Evolution Chamber  
  53  4:09  Overlord  
  51  4:11  Overlord  
  51  4:15  Overlord  
  49  4:26  Zergling x4  
  49  4:28  Zergling x8  
  53  4:32  Drone x2  
  53  4:34  Drone x3  
  53  4:35  Zerg Melee Weapons Level 1  
  53  4:36  Zergling x4  
  53  4:37  Drone x2  
  62  4:48  Drone x2, Hatchery  
  62  4:50  Spore Crawler  
  62  4:54  Drone  
  62  4:55  Drone  
  62  4:57  Drone x2  
  66  5:01  Drone  
  63  5:08  Drone x8  
  63  5:12  Queen  
  72  5:16  Lair  
  72  5:17  Drone x2  
  72  5:21  Unknown, Overlord  
  73  5:23  Overlord  
  73  5:24  Overlord  
  73  5:29  Extractor, Queen  
  73  5:31  Overlord  
  73  5:32  Overlord  
  74  5:40  Zergling x8  
  74  5:41  Drone x2  
  77  5:48  Drone x6, Roach Warren  
  82  5:53  Drone  
  82  5:56  Drone  
  84  6:02  Drone x6  
  90  6:07  Extractor  
  89  6:11  Overlord  
  89  6:12  Drone x2  
  89  6:16  Drone x5  
  89  6:18  Drone, Overseer  
  97  6:20  Drone  
  97  6:21  Spore Crawler  
  97  6:26  Drone x2  
  97  6:34  Zergling x18  
  97  6:38  Roach  
  97  6:39  Roach x2  
  112  6:43  Zergling x8  
  112  6:45  Glial Reconstitution, Zerg Melee Weapons Level 2  
  112  6:46  Baneling Nest  
  115  6:52  Zergling x2  
  115  6:53  Zergling x4  
  116  6:59  Roach x4  
  116  7:00  Ravager x3  
  127  7:02  Overlord  
  127  7:03  Zergling x2  
  127  7:05  Hatchery  
  127  7:06  Overlord  
  127  7:08  Overlord  
  127  7:10  Overlord  
  127  7:12  Overlord x2  
  127  7:14  Zergling x2, Overlord  
  128  7:17  Overlord  
  128  7:18  Overlord  
  128  7:19  Overlord  
  128  7:20  Overlord  
  128  7:26  Zergling x6  
  128  7:28  Infestation Pit  
  130  7:33  Zergling x2  
  131  7:37  Roach x2  
  127  7:48  Drone  
  127  7:49  Zergling x12  
  131  7:52  Drone x3  
  131  7:54  Zergling x2  
  131  7:59  Centrifugal Hooks  
  131  8:00  Zergling x6  
  134  8:09  Hive  
  134  8:10  Roach x4  
  142  8:14  Roach x3  
  142  8:15  Zergling x2  
  142  8:17  Hatchery  
  147  8:21  Zergling x2  
  147  8:22  Zergling x12  
  154  8:29  Zergling x6  
  154  8:33  Roach x2  
  161  8:42  Zergling x14  
  161  8:44  Overseer  
  164  8:48  Zergling x8  
  164  8:50  Baneling x4  
  164  8:51  Baneling x11  
  164  8:52  Zergling x6  
  167  8:56  Baneling x8  
  167  8:58  Zergling x12  
  167  9:01  Zergling x4  
  175  9:08  Zergling x2  
  175  9:09  Zergling x12  
  179  9:10  Baneling x5  
  179  9:12  Burrow  
  175  9:23  Zergling x2  
  175  9:24  Zergling x6  
  166  9:30  Zergling x14  
  169  9:32  Viper x2  
  169  9:36  Zergling x16  
  183  9:41  Extractor x2  
  183  9:42  Zergling x6  
  183  9:43  Zergling x12  
  189  9:50  Zergling x6  
  189  9:51  Baneling x9  
  191  9:54  Zergling x6  
  191  10:00  Zergling x4  
  191  10:04  Zergling x12  
  198  10:07  Baneling x4  
  198  10:08  Baneling x8  
  196  10:15  Zergling x4  
  196  10:20  Zergling x2  
  196  10:23  Zergling x4  
  196  10:24  Zergling x6  
  196  10:26  Overlord x2  
  196  10:28  Overlord x2  
  197  10:31  Overlord x2  
  190  10:42  Zergling x26  
  172  10:43  Zergling x4  
  172  10:49  Zergling x2  
  145  10:50  Zergling x6  
  145  10:53  Zergling x2, Spore Crawler  
  145  10:54  Zergling x4  
  146  10:57  Zergling x4  
  146  11:02  Zergling x6  
  146  11:03  Queen  
  146  11:04  Queen x3  
  144  11:06  Zergling x6  
  144  11:08  Zergling x8  
  155  11:11  Zergling x2  
  151  11:20  Hatchery  
  151  11:23  Zergling x10  
  149  11:27  Zergling x4  
  149  11:29  Zergling x2  
  149  11:30  Zergling x8  
  156  11:33  Zergling x2  
  156  11:37  Zergling x6  
  156  11:39  Zergling x4  
  162  11:46  Zergling x2  
  162  11:47  Zergling x4  
  165  11:49  Baneling x4  
  165  11:52  Zergling x6  
  166  11:56  Zergling x4  
  166  11:57  Evolution Chamber  
  166  11:59  Baneling x6  
  167  12:02  Zergling x6  
  167  12:04  Zergling x2  
  167  12:05  Zergling x6  
  167  12:06  Ravager x6  
  167  12:08  Zergling x2  
  181  12:14  Zergling x12  
  176  12:23  Zergling x14  
  176  12:29  Zergling x4  
Show
View Real Time Build Order
Export as new Build Order

DKZherO Protoss 

Build Orders: 1 Gate Expand, Oracle Opening 

Get SALT Encoding   

  12  0:00  Probe  
  13  0:12  Probe  
  14  0:17  Pylon  
  14  0:24  Probe (Chrono Boost)  
  16  0:36  Probe (Chrono Boost)  
  16  0:37  Gateway  
  16  0:43  Probe (Chrono Boost)  
  16  0:47  Assimilator  
  17  0:51  Probe  
  18  0:59  Pylon  
  18  1:03  Probe  
  19  1:15  Probe  
  20  1:25  Cybernetics Core  
  20  1:35  Nexus  
  20  1:42  Pylon  
  20  1:45  Probe  
  21  1:50  Assimilator  
  21  1:57  Probe  
  21  1:59  Adept (Chrono Boost)  
  24  2:09  Probe  
  25  2:21  Stalker, Probe (Chrono Boost)  
  28  2:33  Stargate, Probe (Chrono Boost)  
  29  2:40  Probe (Chrono Boost)  
  29  2:41  Warp Gate  
  30  2:47  Probe  
  30  2:48  Probe  
  32  2:51  Adept  
  34  2:59  Probe  
  34  3:00  Probe  
  36  3:11  Probe  
  36  3:12  Probe  
  38  3:13  Oracle (Chrono Boost)  
  38  3:19  Pylon  
  41  3:21  Adept  
  41  3:24  Probe x2  
  45  3:30  Gateway  
  45  3:36  Probe  
  45  3:37  Probe  
  47  3:45  Oracle (Chrono Boost)  
  48  3:54  Probe x2  
  50  4:00  Nexus  
  50  4:01  Pylon  
  50  4:06  Probe x2  
  50  4:08  Assimilator  
  52  4:19  Oracle  
  53  4:24  Probe  
  53  4:26  Probe  
  53  4:31  Adept x2  
  57  4:35  Shield Battery  
  57  4:36  Probe  
  57  4:38  Probe  
  59  4:39  Assimilator  
  59  4:41  Shield Battery  
  59  4:44  Twilight Council  
  59  4:48  Pylon  
  59  4:49  Probe  
  59  4:50  Probe  
  61  5:01  Probe  
  61  5:06  Probe  
  63  5:07  Adept x2  
  63  5:12  Forge, Probe  
  63  5:13  Blink (Chrono Boost), Probe  
  69  5:15  Gateway  
  69  5:19  Gateway, Probe  
  70  5:25  Probe (Chrono Boost)  
  72  5:29  Sentry, Probe (Chrono Boost)  
  72  5:30  Sentry  
  72  5:31  Probe (Chrono Boost)  
  72  5:32  Protoss Ground Weapons Level 1 (Chrono Boost)  
  77  5:37  Probe (Chrono Boost)  
  77  5:38  Pylon  
  77  5:41  Probe (Chrono Boost)  
  77  5:42  Probe (Chrono Boost)  
  80  5:43  Probe (Chrono Boost)  
  80  5:45  Probe (Chrono Boost)  
  82  5:50  Probe  
  82  5:51  Pylon  
  82  5:54  Stalker  
  82  5:56  Stalker  
  87  5:58  Probe x2  
  87  6:02  Probe  
  90  6:04  Pylon  
  90  6:06  Robotics Facility  
  90  6:13  Assimilator x2, Stalker x2  
  90  6:17  Photon Cannon  
  94  6:20  Stalker  
  94  6:21  Stalker  
  98  6:32  Probe x3, Pylon x2  
  98  6:34  Pylon  
  98  6:42  Stalker x2  
  98  6:44  Probe  
  98  6:46  Stalker x2  
  107  7:00  Robotics Bay  
  107  7:01  Robotics Facility  
  107  7:06  Gateway  
  107  7:07  Gateway  
  107  7:08  Gateway, Warp Prism (Chrono Boost)  
  107  7:10  Gateway  
  107  7:11  Pylon  
  109  7:19  Stalker x3  
  115  7:28  Probe  
  116  7:31  Protoss Ground Weapons Level 2 (Chrono Boost)  
  116  7:34  Pylon  
  116  7:38  Observer (Chrono Boost)  
  105  7:51  Stalker  
  105  7:52  Colossus (Chrono Boost)  
  105  7:56  Colossus (Chrono Boost)  
  119  7:59  Nexus  
  119  8:00  Shield Battery  
  119  8:01  Zealot x3  
  119  8:02  Zealot  
  119  8:05  Photon Cannon  
  127  8:08  Pylon  
  127  8:17  Pylon  
  127  8:18  Probe x3  
  130  8:20  Stalker  
  130  8:21  Stalker x3  
  138  8:28  Charge  
  138  8:30  Probe  
  138  8:32  Pylon  
  141  8:35  Colossus (Chrono Boost)  
  141  8:39  Colossus (Chrono Boost)  
  151  8:49  Probe  
  151  8:50  Probe x2  
  151  8:52  Photon Cannon  
  146  8:58  Stalker x5  
  154  9:14  Stalker x3  
  160  9:23  Stalker x4  
  158  9:42  Immortal (Chrono Boost), Pylon  
  158  9:43  Stalker  
  158  9:44  Stalker  
  166  9:51  Stalker x5  
  166  9:52  Stalker  
  178  10:00  Immortal  
  174  10:07  Stalker  
  173  10:20  Pylon  
  173  10:23  Pylon  
  173  10:24  Pylon  
  173  10:28  Pylon x2  
  173  10:30  Pylon x2  
  173  10:33  Pylon  
  118  10:54  Stalker x8  
  112  11:05  Immortal x2 (Chrono Boost)  
  118  11:25  Stalker x8  
  96  11:32  Colossus (Chrono Boost)  
  112  11:40  Colossus (Chrono Boost)  
  118  11:50  Nexus, Sentry x2  
  122  11:58  Pylon  
  122  12:08  Stalker x5  
  114  12:34  Stalker x7  

Tags
 
Add a new tag
Caveats
  • Supply blocks, unpowered buildings, or Contaminate may cause inaccurate times.
  • Supply counts are checked every 10 seconds.